 Dungeon Sprint DCSS version 0.28-a0-87-g9a7839dea9 (webtiles) character file.

Game seed: 14726601396294542226

167 xpp the Slasher (level 5, -3/36 (47) HPs)
             Began as a Human Berserker on Aug 7, 2021.
             Was a Follower of Trog.
             Slain by a necrophage (6 damage)
             ... in the Dungeon (Sprint II: "The Violet Keep of Menkaure").
             The game lasted 00:00:59 (35 turns).

xpp the Slasher (Human Berserker)                     Turns: 35, Time: 00:01:00

HP:   -3/36 (47)    AC:  2    Str: 18    XL:     5   Next: 76%
MP:   5/5           EV: 13    Int:  7    God:    Trog [*.....]
Gold: 0             SH:  0    Dex: 13    Spells: 4/4 levels left

rFire   . . .      SeeInvis .   a - +0 falchion
rCold   . . .      Faith    .   (no shield)
rNeg    . . .      Spirit   .   b - +0 animal skin
rPois   .          Reflect  .   (no helmet)
rElec   .          Harm     .   (no cloak)
rCorr   .          Rampage  .   (no gloves)
Will    .....      NoTele   +   (no boots)
Stlth   +.........              (no amulet)
HPRegen 0.12/turn               (no ring)
MPRegen 0.09/turn               (no ring)

@: on berserk cooldown, slowed, heavily drained, very slow
A: no striking features
a: Renounce Religion, Berserk


You were in the Dungeon.
You worshipped Trog.
Trog was aware of your devotion.
You visited 1 branch

Inventory:

Hand Weapons
 a - a +0 falchion (weapon)
Armour
 b - a +0 animal skin (worn)
Scrolls
 h - a scroll of blinking
Potions
 e - a potion of haste
 f - 2 potions of magic
 g - a potion of berserk rage


   Skills:
 + Level 6.9 Fighting
 + Level 7.7 Long Blades
 + Level 3.6 Armour
 + Level 4.2 Dodging


You had 4 spell levels left.
You didn't know any spells.
Your spell library was empty.

Dungeon Overview and Level Annotations

Branches:
Dungeon (1/1)

Altars:


Message History

The necrophage misses you.
You riposte.
You barely miss the necrophage.
The necrophage is heavily damaged.
You completely miss the necrophage.
The necrophage is heavily damaged.
The necrophage hits you.
You feel drained. The necrophage hits you.
You feel drained.
You closely miss the necrophage.
The necrophage is heavily damaged.
The necrophage hits you.
You feel drained.
You hit the necrophage.
The necrophage is heavily damaged.
The necrophage closely misses you.
You barely miss the necrophage.
The necrophage is heavily damaged.
The necrophage hits you. x2; You feel drained.
You hit the necrophage.
The necrophage is heavily damaged.
The necrophage hits you.
You feel drained.
Okay, then.
You feel better. The necrophage hits you! The necrophage hits you.
You hit the necrophage.
The necrophage is severely damaged.
The necrophage hits you.
* * * LOW HITPOINT WARNING * * *
You feel drained.
You hit the necrophage.
The necrophage is almost destroyed.
The necrophage hits you.
* * * LOW HITPOINT WARNING * * *
You closely miss the necrophage.
The necrophage is almost destroyed.
The necrophage hits you.
* * * LOW HITPOINT WARNING * * *
You feel drained.
* * * LOW HITPOINT WARNING * * *
The necrophage misses you.
You barely miss the necrophage.
The necrophage is severely damaged.
The necrophage hits you.
You die...

## ##
##.
.##
.. ..
.#n
#n#
##@##
+.<.+
##.##
#+#


You could see 2 necrophages.

Vanquished Creatures
  2 necrophages (D)
2 creatures vanquished.

Notes
Turn   | Place    | Note
-------+----------+-------------------------------------------
     0 | D        | xpp the Human Berserker began the quest for the Orb.
     0 | D        | Reached XP level 1. HP: 18/18 MP: 1/1
     1 | D        | Noticed a necrophage
     1 | D        | Noticed a necrophage
     1 | D        | Noticed a necrophage
     1 | D        | Noticed a necrophage
    11 | D        | Killed a necrophage
    12 | D        | Reached skill level 5 in Fighting
    12 | D        | Reached skill level 6 in Long Blades
    12 | D        | Reached XP level 2. HP: 28/28 MP: 2/2
    12 | D        | Reached XP level 3. HP: 34/34 MP: 3/3
    12 | D        | Reached XP level 4. HP: 40/40 MP: 4/4
    13 | D        | Killed a necrophage
    14 | D        | Reached skill level 7 in Long Blades
    14 | D        | Reached XP level 5. HP: 47/47 MP: 5/5
    35 | D        | Slain by a necrophage

Illustrated notes

Levels and vault maps discovered:
D:        the_violet_keep_of_menkaure [sprint2_stairs_cluster_1,
          sprint2_shoproom, sprint2_temple, sprint2_basic_supplies,
          sprint2_obstacle_7, sprint2_obstacle_2, sprint2_obstacle_5,
          sprint2_obstacle_4, sprint2_obstacle_3, sprint2_timed_cluster_1,
          sprint2_smallroom_cluster_1, sprint2_smallroom_final_cluster_1,
          sprint2_transparent_cluster_1, sprint2_second_timed_cluster_1,
          sprint2_sniper_area_1, sprint2_heavy_combat_area_1,
          sprint2_mutation_trap_area_1, sprint2_forest_area_1,
          sprint2_light_combat_area_1, sprint2_behind_water_1,
          sprint2_near_end_vault_1]

Skill      XL: |  1  2  3  4 |
---------------+-------------+-----
Fighting       | 5 6 |  6.9
Long Blades    | 6 7 |  7.7
Armour         | 3 |  3.6
Dodging        | 3 4 |  4.2

Action                   |  1- 3 |  4- 6 || total
-------------------------+-------+-------++-------
Melee: Falchion          |     8 |    22 ||    30
Invok: Berserk           |     1 |       ||     1
  Use: Potion            |       |     2 ||     2
Armor: Animal skin       |     1 |     2 ||     3
Dodge: Dodged            |     3 |     8 ||    11
       Rpst.: Falchion   |       |     2 ||     2

Table legend: (Time is in decaauts)
 A = Elapsed time spent in this place.
 B = Non-inter-level travel time spent in this place.
 C = Inter-level travel time spent in this place.
 D = Time resting spent in this place.
 E = Time spent auto-exploring this place.
 F = Levels seen in this place.
 G = Mean time per level.
                   A        B        C        D        E       F      G
               +--------+--------+--------+--------+--------+-----+--------+
         Total |     39 |     39 |      0 |      0 |      0 |   1 |   39.0 |
       Dungeon |     39 |     39 |      0 |      0 |      0 |   1 |   39.0 |
               +--------+--------+--------+--------+--------+-----+--------+

Top non-repeatable levels by time:
       D: 39 daAuts
